 Dungeon Crawl Stone Soup version 0.31-a0-246-g8cbcc1cb85 (webtiles) character file.

Game seed: 8432216133190317984

828469 caveywoolpert the Conqueror (level 27, -1/273 HPs)
             Began as a Minotaur Monk on July 11, 2023.
             Was the Champion of the Shining One.
             Engulfed by Gloorx Vloq's foul pestilence (9 damage)
             ... in Pandemonium on July 12, 2023.
             The game lasted 03:16:24 (82646 turns).

caveywoolpert the Conqueror (Minotaur Monk)        Turns: 82646, Time: 03:16:25

Health: -1/273     AC: 32    Str: 21    XL:     27
Magic:  15/34      EV: 31    Int:  3    God:    the Shining One [******]
Gold:   10629      SH: 33    Dex: 19    Spells: 26/26 levels left

rFire   + + +        M - +9 double sword (holy)
rCold   + + +        L - +0 kite shield {rC+ rF+}
rNeg    + + +        b - +6 scale mail of the Kraken {Rampage rElec Will++ Dex-2}
rPois   +            d - +1 hat
rElec   +            K - +4 dragonskin cloak
rCorr   .            j - +0 pair of gloves of the Twenty Defenders {rC+ Str+3}
SInv    +            y - +3 pair of seven-league boots {Rampage+∞}
Will    +++++        q - amulet of Poilelav {rElec rF+++ Regen+ Str+2 Stlth+}
Stlth   +            G - +5 ring of evasion
HPRegen 0.00/turn    Y - ring of Zujoshre {rPois rF+ rC+ Will+ Str-4}
MPRegen 0.24/turn

%: rampage+∞
@: divinely shielded, inhibited regen, slowed, glowing, unable to read, very
slow
A: horns 2, retaliatory headbutt, see invisible, clumsy 1, dopey 2, low MP 1,
inhibited regeneration, no potion heal 1, subdued magic 1, inability to drink
after injury 1, inability to read after injury 1
}: 8/15 runes: barnacled, silver, abyssal, demonic, glowing, magical, fiery,
gossamer
a: Renounce Religion, Divine Shield, Cleansing Flame, Summon Divine Warrior,
Brand Weapon With Holy Wrath


You were in Pandemonium.
You worshipped the Shining One.
The Shining One was exalted by your worship.
You visited 13 branches of the dungeon, and saw 53 of its levels.
You visited Pandemonium 1 time, and saw 14 of its levels.
You visited the Abyss 1 time.
You visited 2 bazaars.
You also visited: Trove, Sewer, Bailey, Gauntlet, Ice Cave and Wizlab.

You collected 12875 gold pieces.
You spent 2246 gold pieces at shops.

Inventory:

Hand Weapons
 B - a +5 long sword of flaming
 M - a +9 double sword of holy wrath (weapon)
 W - a +3 eudemon blade of holy wrath
Missiles
 p - 19 javelins
 r - 12 throwing nets
 x - 40 boomerangs
 D - 8 silver boomerangs (quivered)
 T - 17 silver javelins
Armour
 b - the +6 scale mail of the Kraken (worn) {Rampage rElec Will++ Dex-2}
   (You bought it in a shop on level 1 of the Depths)

   Dex:       It affects your dexterity (-2).
   rElec:     It insulates you from electricity.
   Rampage:   It bestows one free step when moving towards enemies.
   Will:      It greatly increases your willpower.
 d - a +1 hat (worn)
 g - the +9 tower shield of the Unbroken {rF+ Int-2 SInv}
   (You took it off a daeva in Pandemonium)

   Int:       It affects your intelligence (-2).
   rF:        It protects you from fire.
   SInv:      It lets you see invisible.
 j - the +0 pair of gloves of the Twenty Defenders (worn) {rC+ Str+3}
   (You took it off Nikola on level 4 of the Spider Nest)

   Str:       It affects your strength (+3).
   rC:        It protects you from cold.
 y - the +3 pair of seven-league boots (worn) {Rampage+∞}
   (You found it in a sewer)

   Rampage+∞: When moving toward enemies, its wearer moves as far as possible,
   alerting their target en route.
 I - a +0 kite shield of reflection
 K - the +4 dragonskin cloak (worn)
   (You took it off Tiamat on level 2 of the Realm of Zot)

   Avatar's Aegis: It grants the wearer a chance to resist fire, cold, poison,
   electricity, acid, and negative energy.
 L - a +0 kite shield of resistance (worn)
 O - a +2 tower shield of reflection
Jewellery
 q - the amulet of Poilelav (around neck) {rElec rF+++ Regen+ Str+2 Stlth+}
   (You found it on level 3 of the Crypt)

   [amulet of regeneration]

   Str:       It affects your strength (+2).
   rF:        It renders you almost immune to fire.
   rElec:     It insulates you from electricity.
   Regen:     It increases your rate of health regeneration.
   Stlth:     It makes you more stealthy.
 E - a ring of flight
 G - a +5 ring of evasion (left hand)
 Y - the ring of Zujoshre (right hand) {rPois rF+ rC+ Will+ Str-4}
   (You found it in a treasure trove)

   [ring of willpower]

   Str:       It affects your strength (-4).
   rF:        It protects you from fire.
   rC:        It protects you from cold.
   rPois:     It protects you from poison.
   Will:      It increases your willpower.
Wands
 s - a wand of digging (39)
 w - a wand of acid (52)
Scrolls
 f - 34 scrolls of teleportation
 k - 8 scrolls of butterflies
 l - 10 scrolls of fear
 m - 11 scrolls of immolation
 n - 5 scrolls of enchant armour
 o - 3 scrolls of silence
 u - 13 scrolls of poison
 A - 15 scrolls of blinking
 C - 17 scrolls of vulnerability
 H - 10 scrolls of amnesia
 J - 3 scrolls of brand weapon
 P - 11 scrolls of fog
 V - 3 scrolls of revelation
 Z - 3 scrolls of enchant weapon
Potions
 a - 2 potions of berserk rage
 c - 5 potions of ambrosia
 e - 7 potions of mutation
 h - 15 potions of magic
 i - 33 potions of curing
 t - 5 potions of brilliance
 v - 12 potions of heal wounds
 z - 4 potions of might
 N - 8 potions of enlightenment
 Q - 11 potions of haste
 R - 8 potions of cancellation
 S - 8 potions of resistance
Miscellaneous
 X - a lightning rod (4/4)


   Skills:
 O Level 27 Fighting
 + Level 25.9 Long Blades
 + Level 18.2 Throwing
 + Level 22.3 Armour
 + Level 25.6 Dodging
 + Level 22.2 Shields
 + Level 25.2 Invocations


You had 26 spell levels left.
You didn't know any spells.
Your spell library contained the following spells:

 Spells                   Type           Power      Damage    Failure   Level
 Foxfire                  Conj/Fire      0%         2x1d4     73%         1
 Freeze                   Ice            0%         1d3       73%         1
 Kiss of Death            Conj/Necr      0%         2d5       73%         1
 Sandblast                Erth           0%         2d4       73%         1
 Shock                    Conj/Air       0%         1d3       73%         1
 Slow                     Hex            0%         N/A       73%         1
 Sting                    Tmut/Pois      0%         1d3       73%         1
 Cigotuvi's Dreadful Rot  Necr/Pois/Air  0%         N/A       86%         2
 Ensorcelled Hibernation  Hex/Ice        0%         N/A       86%         2
 Lesser Beckoning         Tloc           0%         N/A       86%         2
 Passwall                 Tmut/Erth      0%         N/A       86%         2
 Scorch                   Fire           0%         2d5       86%         2
 Static Discharge         Conj/Air       0%         2-2/arc   86%         2
 Wereblood                Tmut           0%         N/A       86%         2
 Call Canine Familiar     Summ           0%         N/A       98%         3
 Confusing Touch          Hex            0%         N/A       98%         3
 Dazzling Flash           Conj/Hex       0%         N/A       98%         3
 Frozen Ramparts          Ice            0%         1d1       98%         3
 Gell's Gravitas          Tloc           0%         N/A       98%         3
 Hailstorm                Conj/Ice       0%         3d3       98%         3
 Ignite Poison            Fire/Tmut/Pois 0%         N/A       98%         3
 Inner Flame              Hex/Fire       0%         N/A       98%         3
 Ozocubu's Armour         Ice            0%         N/A       98%         3
 Portal Projectile        Hex/Tloc       0%         N/A       98%         3
 Stone Arrow              Conj/Erth      0%         3d7       98%         3
 Summon Guardian Golem    Hex/Summ       0%         N/A       98%         3
 Swiftness                Air            0%         N/A       98%         3
 Teleport Other           Tloc           0%         N/A       98%         3
 Tukima's Dance           Hex            0%         N/A       98%         3
 Vhi's Electric Charge    Tloc/Air       0%         N/A       98%         3
 Volatile Blastmotes      Fire/Tloc      0%         2d10      98%         3
 Airstrike                Air            0%         2d(0-16)  100%        4
 Anguish                  Hex/Necr       0%         N/A       100%        4
 Animate Armour           Summ/Erth      0%         N/A       100%        4
 Cause Fear               Hex            0%         N/A       100%        4
 Dispel Undead            Necr           0%         3d6       100%        4
 Flame Wave               Conj/Fire      0%         2d4       100%        4
 Fulminant Prism          Conj/Hex       0%         3d5       100%        4
 Iskenderun's Mystic Bla  Conj/Tloc      0%         2d3       100%        4
 Leda's Liquefaction      Hex/Erth       0%         N/A       100%        4
 Olgreb's Toxic Radiance  Pois           0%         N/A       100%        4
 Passage of Golubria      Tloc           0%         N/A       100%        4
 Petrify                  Tmut/Erth      0%         N/A       100%        4
 Sticky Flame             Conj/Fire      0%         2d3       100%        4
 Summon Ice Beast         Ice/Summ       0%         N/A       100%        4
 Summon Lightning Spire   Summ/Air       0%         N/A       100%        4
 Agony                    Necr           0%         N/A       100%        5
 Borgnjor's Vile Clutch   Necr/Erth      0%         N/A       100%        5
 Fireball                 Conj/Fire      0%         3d3       100%        5
 Irradiate                Conj/Tmut      0%         3d11      100%        5
 Iskenderun's Battlesphe  Conj           0%         2d6       100%        5
 Lee's Rapid Deconstruct  Erth           0%         3d4*      100%        5
 Metabolic Englaciation   Hex/Ice        0%         N/A       100%        5
 Silence                  Hex/Air        0%         N/A       100%        5
 Summon Forest            Summ/Tloc      0%         N/A       100%        5
 Yara's Violent Unravell  Hex/Tmut       0%         3d3       100%        5
 Conjure Ball Lightning   Conj/Air       0%         3x3d6     100%        6
 Death Channel            Necr           0%         N/A       100%        6
 Dispersal                Tloc           0%         N/A       100%        6
 Eringya's Noxious Bog    Tmut/Pois      0%         4d6       100%        6
 Leda's Unmaking          Conj/Erth      0%         9d1       100%        6
 Plasma Beam              Fire/Air       0%         2x1d10    100%        6
 Simulacrum               Ice/Necr       0%         N/A       100%        6
 Starburst                Conj/Fire      0%         6d3       100%        6
 Enfeeble                 Hex            0%         N/A       100%        7
 Orb of Destruction       Conj           0%         9d5       100%        7
 Ozocubu's Refrigeration  Ice            0%         4d7       100%        7
 Spellforged Servitor     Conj/Summ      0%         N/A       100%        7
 Summon Hydra             Summ           0%         N/A       100%        7
 Discord                  Hex            0%         N/A       100%        8
 Ignition                 Fire           0%         3d3       100%        8
 Lehudib's Crystal Spear  Conj/Erth      0%         10d2      100%        8
 Maxwell's Capacitive Co  Air            0%         ∞         100%        8
 Chain Lightning          Conj/Air       0%         N/A       100%        9
 Fire Storm               Conj/Fire      0%         5d1       100%        9


Dungeon Overview and Level Annotations

Branches:
Dungeon (15/15)            Temple (1/1) D:5            Lair (5/5) D:9
 Shoals (4/4) Lair:2       Spider (4/4) Lair:2        Slime (0/5) Lair:5
    Orc (2/2) D:9             Elf (3/3) Orc:2        Vaults (5/5) D:13
  Crypt (3/3) Vaults:3       Tomb (1/3) Crypt:3      Depths (4/4) D:15
   Hell (visited)             Dis (0/7) Hell            Geh (0/7) Hell
    Coc (0/7) Hell            Tar (0/7) Hell            Zot (5/5) Depths:4
  Sewer (visited)          Bailey (visited)           IceCv (visited)
 WizLab (visited)         Gauntlet (visited)

Altars:
Ashenzari
Cheibriados
Dithmenos
Elyvilon
Fedhas
Gozag
Hepliaklqana
Kikubaaqudgha
Makhleb
Nemelex Xobeh
Okawaru
Qazlal
Ru
Sif Muna
Trog
Uskayaw
Vehumet
Wu Jian
Xom
Yredelemnul
Zin
The Shining One

Shops:
D:1 [   D:2 (=*:   D:3 [   D:4 *   D:5 =   D:7 *   Orc:2 *[(=**(=   Elf:3 [
Vaults:1 =   Vaults:2 [   Depths:1 [

Portals:
Hell: Depths:1 Depths:2 Depths:3 Depths:4
Abyss: Depths:3
Pandemonium: Depths:2
Ziggurat: Depths:1

Annotations:
Elf:2 3 runed translucent doors
Depths:4 3 runed translucent doors
Pan Gloorx Vloq


Innate Abilities, Weirdness & Mutations

You have a pair of horns on your head.
You reflexively headbutt those who attack you in melee.
You have supernaturally acute eyesight. (SInv)
You are clumsy. (Dex -2)
You are very dopey. (Int -4)
Your magical capacity is low. (-10% MP)
You do not regenerate when monsters are visible.
Potions are less effective at restoring your health.
Your spells are a little easier to cast, but a little less powerful.
You occasionally lose the ability to drink potions when taking damage.
You occasionally lose the ability to read scrolls when taking damage.


Message History

The Executioner partially resists.
The Executioner is poisoned.
You block the Executioner's attack.
The Executioner hits you but does no damage.
You block the Executioner's attack. The Executioner hits you.
* * * LOW HITPOINT WARNING * * *
The Executioner hits you but does no damage.
The Executioner completely misses you.
Activating: Cleansing Flame (0% risk of failure)
Press: ? - help, Dir - look around, f - activate The golden flame engulfs you but does no damage.
The golden flame engulfs the Executioner!!!!
The Executioner writhes in agony!
You kill the Executioner!
The Executioner disappears in a puff of smoke!
The golden flame engulfs Gloorx Vloq!!
Gloorx Vloq writhes in agony!
Gloorx Vloq is heavily wounded.
The golden flame engulfs the Executioner!!!
The Executioner writhes in agony!
You kill the Executioner!
The Executioner disappears in a puff of smoke!
Gloorx Vloq gestures at you. The poison arrow misses you.
Gloorx Vloq gestures.
You block Gloorx Vloq's attack.
Unknown command.
Unknown command.
Unknown command.
Unknown command.
Your system partially rejects the healing.
You feel much better.
You feel yourself speed up.
Gloorx Vloq gestures.
The Executioner gestures.
The Executioner seems to speed up.
You block Gloorx Vloq's attack. Gloorx Vloq gestures at you.
The foul vapour engulfs you!
You are poisoned.
* * * LOW HITPOINT WARNING * * *
Your system partially rejects the healing.
You feel better.
You are engulfed in dark miasma.
You feel yourself slow down.
You die...

.###...#..#.....# #.#......
'#.#...#........# ..#........
...#..†#........# ..#........
...#...'........# #&.#........
...#...#...)....# #○..#........
##.#...#.......°# °○..#...?....
.#'#...#......#°# ○.# #.....#..
...#...#......#°####'####.)...#..
...#...#......#.@&1°..#.......#..
...#...#..#...#111#1..#...#...#..
.#'#...#####'####################
##.# .. .. #...#...#...#.. ...#
..... #.......#...... ^..#
#.#.#.#.#.#.#.#.#.#.# ...#
......#.......#...... #..#
..................... ##.#
.....................


You could see Gloorx Vloq and 5 Executioners.

Vanquished Creatures
  Cerebov (Pan)
  Ignacio (Pan)
  Lom Lobon (Pan)
  Tiamat (Zot:2)
  A dread lich (Abyss:1)
  An ancient lich (Vaults:5)
  Mara (Depths:1)
  2 juggernauts
  Josephina (Zot:4)
  Vv (Zot:4)
  The ghost of Nizokhlo the Metallomancer, a veteran DrCj of Vehumet (Vaults:3)
  8 pandemonium lords (Pan)
  3 royal mummies (Tomb:1)
  Frederick (Depths:4)
  Bai Suzhen (Elf:3)
  A caustic shrike (Depths:3)
  2 Killer Klowns (Zot:1)
  6 golden dragons
  Geryon (Hell)
  Nikola (Spider:4)
  A profane servitor (Abyss:1)
  2 bone dragons (Abyss:1)
  Arachne (Spider:2)
  6 Brimstone Fiends (Pan)
  4 Tzitzimimeh (Pan)
  A hellephant (Depths:3)
  14 tentacled monstrosities
  Rupert (Lair:4)
  Jorgrun (D:14)
  Mlioglotl (Shoals:1)
  11 Ice Fiends (Pan)
  Asterion (Elf:3)
  7 Hell Sentinels (Pan)
  2 walking earthen tomes (WizLab)
  2 titans (Vaults:5)
  A walking crystal tome (Depths:3)
  8 liches
  A shard shrike skeleton (Abyss:2)
  7 quicksilver dragons
  A deep elf blademaster (Elf:3)
  2 walking frostbound tomes (Depths:2)
  4 deep elf master archers (Elf:3)
  A kraken (Shoals:2)
  5 ancient champions
  Polyphemus (Shoals:2)
  5 tentacled starspawn
  17 Executioners (Pan)
  5 death cobs
  10 sphinxes
  9 tengu reavers
  6 draconian monks
  16 shadow dragons
  5 revenants
  Donald (Elf:3)
  Roxanne (Shoals:3)
  5 demonspawn warmongers (Pan)
  6 fire giants
  A strange machine (WizLab)
  14 storm dragons
  4 draconian scorchers
  26 balrugs
  4 iron dragons
  10 deep elf sorcerers
  8 draconian knights
  7 draconian shifters
  The ghost of SlaveLabor the Brawler, a journeyman TrFi of Makhleb (D:12)
  Louise (Depths:3)
  3 emperor scorpions
  4 deep elf elementalists
  38 cacodemons
  9 curse skulls
  A juggernaut zombie (Crypt:2)
  6 frost giants
  A daeva (Pan)
  9 ghost moths
  13 vault wardens
  9 ghouls
  A caustic shrike zombie (Crypt:1)
  11 ironbound preservers
  4 draconian stormcallers
  9 draconian annihilators
  18 reapers
  4 broodmothers
  4 orc warlords
  34 very ugly things
  5 vampire knights
  19 stone giants
  7 war gargoyles
  10 demonspawn corrupters (Pan)
  8 demonspawn blood saints (Pan)
  2 grey draconians (Depths:4)
  The ghost of bmj180 the Thaumaturge, a journeyman MfIE of Vehumet (Lair:5)
  A spriggan defender (Depths:2)
  3 ironbound thunderhulks
  10 demonspawn black suns (Pan)
  5 black draconians
  16 green draconians
  5 deep elf demonologists
  2 bennus (Tomb:1)
  9 deep elf annihilators
  15 dire elephants
  7 white draconians
  4 spark wasps
  16 purple draconians
  5 yellow draconians
  A minotaur (Gauntlet)
  19 lorocyprocas
  A spectral titan (Crypt:3)
  A wendigo (Hell)
  17 red draconians
  6 spectral quicksilver dragons (Crypt:3)
  6 deep elf death magi
  9 eidola
  An acid blob zombie (Crypt:2)
  6 ettins
  21 blizzard demons
  17 green deaths (Pan)
  5 merfolk javelineers (Shoals:4)
  3 merfolk impalers
  6 entropy weavers
  3 great orbs of eyes
  8 fire dragons
  9 jiangshi
  3 spectral spriggans (Crypt:3)
  4 mummy priests (Tomb:1)
  6 deep elf high priests
  A spectral fenstrider witch (Crypt:3)
  9 ice dragons
  11 yaktaur captains
  10 rakshasas
  An alligator snapping turtle (Shoals:3)
  Harold (Orc:1)
  A peacekeeper (Vaults:4)
  2 spriggan skeletons
  3 catoblepae
  3 radroaches
  A spectral shadow dragon (Crypt:3)
  4 hydras
  7 jorogumos
  26 vault guards
  10 hell beasts
  11 centaur warriors
  2 juggernaut simulacra
  5 ogre magi
  Erica (D:9)
  9 boulder beetles
  11 ironbound frosthearts
  3 spriggan air magi
  6 merfolk aquamancers
  4 merfolk avatars
  A fenstrider witch skeleton (Crypt:1)
  10 two-headed ogres
  5 satyrs (Shoals:4)
  The ghost of initializr the Slicer, a journeyman KoBr of Uskayaw (D:10)
  40 demonic crawlers
  12 deep troll shamans
  10 vampire magi
  An Orb Guardian skeleton (Crypt:3)
  3 orc high priests (Orc:2)
  A spectral dire elephant (Crypt:3)
  Urug (Lair:4)
  22 dancing weapons
  7 death yaks
  4 tengu warriors
  10 deep troll earth magi
  7 hell hogs
  A thrashing horror (Abyss:1)
  69 sun demons
  A titan zombie (Tomb:1)
  A spectral storm dragon (Crypt:3)
  A spriggan berserker (Depths:1)
  21 hell knights
  A fire crab (D:10)
  6 iron trolls
  39 sixfirhies
  A salamander mystic (Depths:3)
  4 wretched stars
  30 soul eaters
  A titan skeleton (Crypt:1)
  A fire crab (shapeshifter) (Elf:1)
  12 shadow wraiths
  18 deep elf knights
  A goliath frog (shapeshifter) (Vaults:5)
  A spatial maelstrom (Abyss:3)
  2 sun moths
  3 skysharks
  An anaconda zombie (Hell)
  A cherub (Pan)
  7 pharaoh ants
  10 shadow demons (Pan)
  11 flayed ghosts
  4 deep elf archers
  4 glowing orange brains
  Pikel (D:6)
  3 bog bodies
  13 skeletal warriors
  13 orb spiders
  An iron giant skeleton (Pan)
  A spectral iron dragon (Crypt:3)
  3 swamp dragons (Depths:4)
  13 sea snakes
  32 slime creatures
  A steelbarb worm (Spider:3)
  38 deep trolls
  9 ironbound convokers
  21 orc knights
  12 wizards
  A lindwurm (shapeshifter) (Vaults:1)
  8 harpies
  5 necromancers
  17 phantasmal warriors
  9 lindwurms
  35 deep elf pyromancers
  25 deep elf zephyrmancers
  5 orc sorcerers (Orc:2)
  11 starcursed masses
  26 wolf spiders
  36 ugly things
  15 manticores
  A shining eye (Pan)
  A sphinx skeleton (Crypt:1)
  9 elephants
  A spectral alligator snapping turtle (Crypt:3)
  An oklob plant (Lair:4)
  11 cyclopes
  A fire giant zombie (Crypt:2)
  A salamander (shapeshifter) (Vaults:5)
  A frost giant zombie (Crypt:1)
  A stone giant skeleton (Pan)
  14 fauns
  A centaur zombie (Abyss:1)
  6 ice statues
  2 spectral centaurs (Crypt:3)
  2 salamanders (Depths:3)
  16 moths of wrath
  A glowing shapeshifter (Vaults:4)
  12 merfolk sirens
  A jorogumo skeleton (Crypt:2)
  2 worldbinders
  7 black mambas
  A cyclops (shapeshifter) (Depths:3)
  A guardian serpent (Abyss:2)
  10 rust devils
  Maurice (D:12)
  An apocalypse crab (Abyss:1)
  A black mamba (shapeshifter) (Vaults:5)
  An eye of devastation (Lair:5)
  12 cane toads
  3 water nymphs
  23 torpor snails
  38 orange demons (Pan)
  2 storm dragon simulacra (Zot:4)
  36 smoke demons
  12 vault sentinels
  48 large abominations
  5 molten gargoyles
  A gargoyle (Gauntlet)
  5 rime drakes
  5 unseen horrors (D:15)
  An orc skeleton (Pan)
  An unseen horror (shapeshifter) (Depths:3)
  7 hellions (Pan)
  3 alligator snapping turtle skeletons
  A sea snake zombie (Crypt:1)
  15 freezing wraiths
  A komodo dragon (Lair:1)
  19 tormentors (Pan)
  A dire elephant skeleton (Pan)
  8 efreet (Pan)
  A bunyip simulacrum (Hell)
  9 guardian mummies (Tomb:1)
  51 yaktaurs
  9 ice devils
  5 tengu conjurers
  11 red devils
  24 merfolk
  A queen bee (shapeshifter) (Depths:2)
  5 ancient zymes
  2 spectral harpies (Crypt:3)
  32 hellwings (Pan)
  3 meliai (Spider:2)
  A polar bear (Lair:2)
  8 trolls
  Prince Ribbit (D:6)
  21 tarantellas
  A tarantella (shapeshifter) (Vaults:5)
  4 tyrant leeches (Lair:5)
  13 hornets
  5 raiju (Abyss:2)
  4 wind drakes
  A wind drake (shapeshifter) (D:15)
  9 blink frogs
  A draconian simulacrum (Zot:4)
  A harpy skeleton (Hell)
  A death drake skeleton (Crypt:3)
  10 snapping turtles
  19 dream sheep
  9 flying skulls
  Sigmund (D:5)
  3 centaur simulacra
  41 jumping spiders
  The ghost of flestrin the Magician, an amateur DECj (D:5)
  An air elemental (Elf:2)
  2 culicivoras (shapeshifter)
  32 ynoxinuls
  11 wraiths
  5 wyverns
  2 basilisks
  14 culicivoras
  2 vampires
  17 water elementals
  5 shadows
  4 ushabtiu (Tomb:1)
  A tyrant leech zombie (Crypt:2)
  Eustachio (D:6)
  44 yaks
  3 death yak simulacra (IceCv)
  2 fire elementals
  35 chaos spawn
  3 steam dragons
  16 vampire mosquitoes
  A human (shapeshifter) (Elf:2)
  31 neqoxecs
  8 wargs
  A wind drake skeleton (Crypt:2)
  4 harpy simulacra
  3 spatial vortices (Abyss:3)
  40 redbacks
  3 acid dragons
  A hydra simulacrum (IceCv)
  A two-headed ogre zombie (Crypt:2)
  A naga (shapeshifter) (Elf:1)
  12 water moccasins
  2 floating eyes
  A two-headed ogre skeleton (Crypt:3)
  A fire bat skeleton (Crypt:2)
  A hell hound (Abyss:1)
  2 floating eyes (shapeshifter)
  Duvessa (D:5)
  2 moth of wrath simulacra (Zot:4)
  51 orc warriors
  2 sky beasts (D:8)
  An ettin simulacrum (Hell)
  4 black bears
  An ice beast (D:5)
  5 boggarts
  15 wolves
  17 small abominations
  13 centaurs
  An elephant skeleton (Crypt:3)
  14 ogres
  3 phantoms
  2 kobold brigands
  A lemure (D:6)
  14 bullfrogs
  5 two-headed ogre simulacra (IceCv)
  3 cane toad simulacra (IceCv)
  4 earth elementals
  A gnoll sergeant (D:9)
  2 draconian skeletons
  A necrophage (Crypt:2)
  2 scorpions (D:4)
  8 wights
  A yaktaur skeleton (Crypt:3)
  Dowan (D:5)
  A queen bee zombie (Crypt:3)
  6 killer bees (D:8)
  2 elephant simulacra (IceCv)
  A warg skeleton (Crypt:1)
  6 howler monkeys
  5 electric eels
  11 crimson imps
  2 quasits
  A wolf skeleton (Crypt:3)
  3 hounds
  A gnoll bouda (D:10)
  11 orc priests
  2 sleepcaps
  3 iron imps (Abyss:1)
  Ijyb (D:4)
  5 iguanas
  29 orc wizards
  6 hell rats (Hell)
  A polar bear simulacrum (IceCv)
  3 troll simulacra (IceCv)
  7 spriggan simulacra
  3 wolf simulacra (IceCv)
  A sky beast zombie (Crypt:3)
  An acid dragon zombie (Crypt:3)
  A hound zombie (Crypt:2)
  27 mummies (Tomb:1)
  Robin (D:3)
  21 gnolls
  4 naga simulacra (IceCv)
  9 adders
  2 shadow imps
  11 white imps
  11 ufetubi
  An adder skeleton (Crypt:1)
  2 worms
  2 dart slugs
  97 orcs
  18 ball pythons
  10 bats
  17 endoplasms
  9 giant cockroaches
  15 goblins
  10 hobgoblins
  2 jackals
  14 quokkas
  14 frilled lizards
  A goblin skeleton (Crypt:3)
  18 kobolds
  4 rats (D:1)
  2 ball lightnings (Pan)
  3 fire vortices (Pan)
  A spectral weapon (Elf:3)
  7 starspawn tentacles
  3 tentacles (Shoals:2)
3247 creatures vanquished.

Vanquished Creatures (others)
  Mnoleg (Pan)
  A draconian scorcher (Zot:4)
  A demonspawn blood saint (Pan)
  A reaper (Pan)
  2 green draconians (Zot:4)
  2 red draconians
  A demonspawn black sun (Pan)
  A yellow draconian (Zot:4)
  2 blizzard demons (Pan)
  A sun demon (Pan)
  A shadow demon (Pan)
  A wizard (Pan)
  An orb spider (Spider:4)
  A deep elf pyromancer (Elf:2)
  A smoke demon (Pan)
  A hellion (Pan)
  4 tarantellas (Spider:4)
  2 jumping spiders (Spider:4)
  A ynoxinul (Pan)
  A wyvern (Depths:4)
  A redback (Spider:4)
  A large abomination (Pan)
  A vampire mosquito (D:13)
  2 spatial vortices (Abyss:3)
  7 ball lightnings (Pan)
  10 starspawn tentacles
  5 tentacles (Shoals:2)
54 creatures vanquished.

Grand Total: 3301 creatures vanquished

Notes
Turn   | Place    | Note
-------+----------+-------------------------------------------
     0 | D:1      | caveywoolpert the Minotaur Monk began the quest for the
                  | Orb.
     0 | D:1      | Reached XP level 1. HP: 19/19 MP: 0/0
   128 | D:1      | Reached XP level 2. HP: 27/27 MP: 1/1
   243 | D:1      | Found Fug Soi's Armour Shop.
   297 | D:1      | Reached skill level 4 in Fighting
   436 | D:1      | Reached XP level 3. HP: 33/33 MP: 2/2
   697 | D:2      | Found a faded altar of an unknown god.
  1007 | D:2      | Found Lell's Assorted Antiques.
  1014 | D:2      | Bought a scroll labelled VIOSAG OXYINY for 29 gold pieces
  1033 | D:2      | Found Ebets's Weapon Shop.
  1067 | D:2      | Found Hiukupt's Jewellery Shoppe.
  1183 | D:2      | Found Ijer's Book Boutique.
  1413 | D:3      | Noticed Robin
  1447 | D:2      | Reached XP level 4. HP: 17/40 MP: 3/3
  1639 | D:2      | Reached skill level 5 in Long Blades
  1694 | D:3      | Killed Robin
  1849 | D:3      | Reached XP level 5. HP: 45/47 MP: 4/4
  1879 | D:3      | Found Korhau's Antique Armour Emporium.
  2408 | D:4      | Noticed a phantom
  2418 | D:4      | Killed a phantom
  2419 | D:4      | Reached skill level 5 in Fighting
  2419 | D:4      | Reached XP level 6. HP: 48/56 MP: 5/5
  2590 | D:4      | Reached skill level 5 in Dodging
  2623 | D:4      | Found a glowing drain.
  2645 | Sewer    | Entered a sewer
  2982 | Sewer    | Reached XP level 7. HP: 59/61 MP: 6/6
  3042 | Sewer    | Found the +3 pair of seven-league boots {Rampage+∞}
  3172 | D:4      | Found Umonaluich's Assorted Antiques.
  3175 | D:4      | Identified the +0 ring mail "Ikofapn" {Harm Int+5 Stlth+}
  3182 | D:4      | Bought a scroll labelled GYOCOPR GUGRA for 31 gold pieces
  3182 | D:4      | Bought a scroll labelled RERUOLANEW for 31 gold pieces
  3182 | D:4      | Bought a scroll labelled TISUIXK ADUCWE for 31 gold pieces
  3279 | D:4      | Reached skill level 6 in Fighting
  3296 | D:4      | You fall into a shaft and drop 2 floors!
  3404 | D:5      | Entered Level 5 of the Dungeon
  3404 | D:5      | Found Lyecad's Jewellery Emporium.
  3699 | D:5      | Noticed Duvessa
  3710 | D:5      | Noticed Dowan
  3754 | D:5      | Killed Duvessa
  3760 | D:5      | Killed Dowan
  3761 | D:5      | Reached XP level 8. HP: 26/71 MP: 7/7
  3928 | D:5      | Noticed Sigmund
  4090 | D:5      | Killed Sigmund
  4091 | D:5      | Reached skill level 7 in Fighting
  4128 | D:5      | Noticed Ijyb
  4140 | D:4      | Killed Ijyb
  4231 | D:5      | Reached skill level 10 in Long Blades
  4270 | D:5      | Noticed flestrin's ghost (amateur DECj)
  4271 | D:5      | Found a staircase to the Ecumenical Temple.
  4279 | Temple   | Entered the Ecumenical Temple
  4379 | Temple   | Became a worshipper of the Shining One
  4379 | Temple   | Reached * piety under the Shining One
  4379 | Temple   | Reached ** piety under the Shining One
  4834 | D:5      | Found a transporter.
  4836 | D:5      | Found a transporter.
  5046 | D:6      | Reached XP level 9. HP: 81/81 MP: 8/8
  5094 | D:6      | Noticed Pikel
  5115 | D:6      | Killed Pikel
  5116 | D:6      | Reached skill level 8 in Fighting
  5351 | D:6      | Noticed Eustachio
  5361 | D:6      | Killed Eustachio
  5535 | D:6      | Noticed Prince Ribbit
  5548 | D:6      | Killed Prince Ribbit
  5805 | D:7      | Found Ugaung's General Store.
  5832 | D:7      | Reached skill level 1 in Throwing
  5846 | D:7      | Reached skill level 1 in Armour
  5846 | D:7      | Reached skill level 1 in Invocations
  5939 | D:7      | Found a flagged portal.
  5954 | Bailey   | Entered a bailey
  5997 | Bailey   | Reached skill level 9 in Fighting
  6147 | Bailey   | Noticed an orc knight
  6162 | Bailey   | Killed an orc knight
  6163 | Bailey   | Reached XP level 10. HP: 56/91 MP: 10/10
  6873 | D:7      | Found a sacrificial altar of Ru.
  7524 | D:8      | Found an iron altar of Okawaru.
  7524 | D:8      | Found a burning altar of Makhleb.
  7690 | D:8      | Found a shimmering blue altar of Sif Muna.
  7735 | D:9      | Noticed Erica
  7740 | D:9      | Killed Erica
  7790 | D:9      | Found a shadowy altar of Dithmenos.
  7856 | D:9      | Reached skill level 5 in Throwing
  7891 | D:9      | Reached *** piety under the Shining One
  7931 | D:9      | Noticed a two-headed ogre
  7940 | D:9      | Killed a two-headed ogre
  8043 | D:9      | Reached skill level 10 in Fighting
  8043 | D:9      | Reached XP level 11. HP: 93/99 MP: 12/12
  8102 | D:9      | Found a staircase to the Orcish Mines.
  8222 | D:9      | Found a staircase to the Lair.
  8282 | D:10     | Entered Level 10 of the Dungeon
  8302 | D:10     | Noticed a tengu warrior
  8327 | D:10     | Killed a tengu warrior
  8328 | D:10     | Reached skill level 5 in Armour
  8663 | D:10     | Found a runed translucent door.
  9130 | D:10     | Noticed a fire crab
  9130 | D:10     | Noticed initializr's ghost (journeyman KoBr)
  9758 | D:11     | Reached **** piety under the Shining One
  9759 | D:11     | Reached skill level 5 in Invocations
 10137 | Lair:1   | Entered Level 1 of the Lair of Beasts
 10165 | Lair:1   | Got the Information on Befouled Ashes
 10406 | Lair:1   | Reached skill level 10 in Dodging
 10691 | Lair:1   | Reached XP level 12. HP: 108/108 MP: 15/15
 10697 | Lair:1   | Reached skill level 11 in Fighting
 10746 | Lair:1   | Reached skill level 15 in Long Blades
 12191 | Lair:2   | Found a hole to the Spider Nest.
 12205 | Lair:2   | Found a gate leading to a gauntlet.
 12213 | Gauntlet | Entered a Gauntlet
 12213 | Gauntlet | Found a transporter.
 12213 | Gauntlet | Found a transporter.
 12213 | Gauntlet | Found a transporter.
 12235 | Gauntlet | Found a transporter.
 12245 | Gauntlet | Found a transporter.
 12249 | Gauntlet | Found a transporter.
 12253 | Gauntlet | Noticed a hell beast
 12259 | Gauntlet | Found a transporter.
 12280 | Gauntlet | Found a transporter.
 12286 | Gauntlet | Found a transporter.
 12304 | Gauntlet | Found a transporter.
 12304 | Gauntlet | Found a transporter.
 12311 | Gauntlet | Reached ***** piety under the Shining One
 12344 | Gauntlet | Noticed a catoblepas
 12347 | Gauntlet | Found a transporter.
 12973 | Gauntlet | Identified the amulet "Piut" {Faith rF+}
 13012 | Gauntlet | Identified the +5 great mace of Eguothrig {heavy, rC+ Int-3
                  | Dex+3}
 13012 | Gauntlet | Identified the amulet "Paunoisa" {Reflect rN+ SH+5}
 13012 | Gauntlet | Noticed a minotaur
 13035 | Gauntlet | Killed a minotaur
 13042 | Gauntlet | Got the Lessons on the Figure
 13741 | Lair:2   | Found a staircase to the Shoals.
 14123 | Lair:3   | Found a frozen archway.
 14135 | IceCv    | Entered an ice cave
 14157 | IceCv    | Reached skill level 10 in Throwing
 14422 | IceCv    | Reached skill level 12 in Fighting
 14422 | IceCv    | Reached XP level 13. HP: 99/118 MP: 17/17
 14648 | IceCv    | Reached ****** piety under the Shining One
 15913 | Lair:4   | Noticed Urug
 16147 | Lair:4   | Killed Urug
 16388 | Lair:4   | Noticed Rupert
 16414 | Lair:4   | Killed Rupert
 16539 | Lair:4   | Reached skill level 13 in Fighting
 17083 | Lair:5   | Entered Level 5 of the Lair of Beasts
 17101 | Lair:5   | Reached skill level 10 in Armour
 17269 | Lair:5   | Paralysed by a floating eye for 2 turns
 17274 | Lair:5   | Found a staircase to the Slime Pits.
 17932 | Lair:5   | Reached XP level 14. HP: 110/130 MP: 19/19
 18080 | Lair:5   | Reached skill level 14 in Fighting
 18449 | Lair:5   | Identified the +4 orcbow of Ysoxtory {heavy, rPois rC+
                  | Dex-3}
 18714 | Lair:5   | Found a runed translucent door.
 18787 | Lair:5   | Paralysed by a hornet for 2 turns
 18790 | Lair:5   | Paralysed by a hornet for 1 turns
 19168 | Lair:5   | Found a runed translucent gate.
 19170 | Lair:5   | Found a runed translucent gate.
 19170 | Lair:5   | Found a runed translucent gate.
 19172 | Lair:5   | Noticed bmj180's ghost (journeyman MfIE)
 19701 | D:12     | Reached skill level 10 in Invocations
 19954 | D:12     | Noticed Maurice
 19962 | D:12     | Killed Maurice
 19987 | D:12     | Noticed SlaveLabor's ghost (journeyman TrFi)
 19991 | D:12     | Found a runed translucent door.
 20511 | D:13     | Reached skill level 15 in Fighting
 21193 | D:13     | Found a gate to the Vaults.
 21987 | D:14     | Reached XP level 15. HP: 118/143 MP: 22/22
 22404 | D:14     | Noticed Jorgrun
 22422 | D:14     | Killed Jorgrun
 22653 | D:15     | Entered Level 15 of the Dungeon
 22892 | D:15     | Reached skill level 16 in Fighting
 23061 | D:15     | Found a staircase to the Depths.
 23930 | D:15     | Identified the +1 plate armour "Uzxi" {*Corrode MP+9 Dex+4}
 24103 | Orc:1    | Entered Level 1 of the Orcish Mines
 24103 | Orc:1    | Noticed Harold
 24110 | Orc:1    | Killed Harold
 24573 | D:3      | Bought a heavily runed scale mail for 162 gold pieces
 24573 | D:3      | Identified the +4 scale mail of Mise {+Blink Int-4 Dex+3}
                  | (You bought it in a shop on level 3 of the Dungeon)
 24768 | Orc:2    | Entered Level 2 of the Orcish Mines
 24880 | Orc:2    | Found Jodoth's Antique Weapon Shoppe.
 24888 | Orc:2    | Reached skill level 15 in Dodging
 24905 | Orc:2    | Found Izeeva Mogu's Antique Armour Emporium.
 25197 | Orc:2    | Found a staircase to the Elven Halls.
 25210 | Orc:2    | Bought a smoking scale mail for 234 gold pieces
 25210 | Orc:2    | Identified the +3 scale mail "Eroum" {rCorr Dex+4} (You
                  | bought it in a shop on level 2 of the Orcish Mines)
 25247 | Orc:2    | Found Deidaburgh's General Store.
 25401 | Orc:2    | Found Vuunaum's Jewellery Shop.
 25405 | Orc:2    | Found Gucvonot's Weapon Shoppe.
 25431 | Orc:2    | Found Rifiso's Jewellery Shoppe.
 25443 | Orc:2    | Found Wiutoc's General Store.
 25443 | Orc:2    | Found Debo's Specific Store.
 25452 | Orc:2    | Bought a potion of heal wounds for 75 gold pieces
 26042 | Shoals:1 | Entered Level 1 of the Shoals
 26279 | Shoals:1 | Noticed Mlioglotl
 26293 | Shoals:1 | Killed Mlioglotl
 26592 | Shoals:1 | Reached skill level 17 in Fighting
 26919 | Shoals:2 | Reached XP level 16. HP: 126/155 MP: 24/24
 27377 | Shoals:2 | Noticed Polyphemus
 27402 | Shoals:2 | Killed Polyphemus
 27577 | Shoals:2 | Noticed a kraken
 27593 | Shoals:2 | Killed a kraken
 28036 | Shoals:3 | Noticed Roxanne
 28082 | Shoals:3 | Killed Roxanne
 28546 | Shoals:3 | HP: 5/157 [alligator snapping turtle (29)]
 29075 | Elf:1    | Entered Level 1 of the Elven Halls
 29248 | Elf:1    | Found a flickering gateway to a bazaar.
 29253 | Bazaar   | Entered a bazaar
 29330 | Bazaar   | Found Hadoawewn's Book Boutique.
 29352 | Bazaar   | Found Sagiwk's Antique Weapon Emporium.
 29373 | Bazaar   | Found Xeiklav's Book Boutique.
 29393 | Bazaar   | Found Ofelakerch's Antique Armour Shoppe.
 29440 | Elf:1    | Reached skill level 18 in Fighting
 30200 | Elf:1    | Reached XP level 17. HP: 166/166 MP: 26/26
 30770 | Elf:2    | Identified the +4 quarterstaff "Ycacuat" {heavy, rF- MP+9
                  | Str+2}
 30775 | Elf:2    | Reached skill level 1 in Shields
 30786 | Elf:2    | Found a runed translucent gate.
 30854 | Elf:2    | Found a runed translucent gate.
 30855 | Elf:2    | Found a runed translucent gate.
 31384 | Depths:1 | Entered Level 1 of the Depths
 31596 | Depths:1 | Noticed Mara
 31597 | Depths:1 | Noticed caveywoolpert's illusion
 31597 | Depths:1 | Found a gateway to Hell.
 31621 | Depths:1 | Killed Mara
 31715 | Depths:1 | Reached skill level 19 in Fighting
 31889 | Depths:1 | Found a one-way gateway to a ziggurat.
 31975 | Depths:1 | Paralysed by a sphinx for 5 turns
 32287 | Depths:1 | Found Tobeonlual's Superior Scales.
 32638 | Depths:2 | Noticed a lich
 32953 | Depths:2 | Paralysed by a floating eye for 4 turns
 32961 | Depths:2 | Killed a lich
 32962 | Depths:2 | Reached skill level 5 in Shields
 33071 | Depths:2 | Noticed a lich
 33089 | Depths:2 | Killed a lich
 33090 | Depths:2 | Reached XP level 18. HP: 164/175 MP: 28/28
 33265 | Depths:2 | Identified the +1 halberd of Peril {antimagic, Fly Int+6}
 33442 | Depths:2 | Reached skill level 15 in Invocations
 33754 | Depths:2 | Noticed a golden dragon
 33762 | Depths:2 | Noticed a tentacled monstrosity
 33788 | Depths:2 | Killed a tentacled monstrosity
 33803 | Depths:2 | Noticed a juggernaut
 33839 | Depths:2 | Killed a juggernaut
 33853 | Depths:2 | Killed a golden dragon
 34686 | D:5      | Killed flestrin's ghost
 34847 | D:10     | Killed initializr's ghost
 34912 | D:12     | Killed SlaveLabor's ghost
 35102 | Lair:5   | Killed bmj180's ghost
 35635 | Depths:3 | Noticed Louise
 35662 | Depths:3 | Killed Louise
 35663 | Depths:3 | Found a one-way gate to the infinite horrors of the Abyss.
 35769 | Depths:3 | Reached skill level 20 in Fighting
 36898 | Depths:4 | Entered Level 4 of the Depths
 37033 | Depths:4 | Noticed a juggernaut
 37619 | Shoals:4 | Entered Level 4 of the Shoals
 37627 | Shoals:4 | Reached XP level 19. HP: 169/185 MP: 15/29
 37783 | Shoals:4 | Got a barnacled rune of Zot
 38993 | Elf:3    | Entered Level 3 of the Elven Halls
 39061 | Elf:3    | Noticed Asterion
 39083 | Elf:3    | Killed Asterion
 39380 | Vaults:1 | Entered Level 1 of the Vaults
 39448 | Vaults:1 | Found Origoa's Jewellery Shop.
 39546 | Vaults:1 | Identified the +0 dagger "Dassagad" {freeze, Fly Will+}
 40520 | Vaults:2 | Found Ucopt's Armour Boutique.
 40752 | Vaults:2 | Found a magical portal.
 40762 | WizLab   | Entered Tukima's Studio
 40841 | WizLab   | Identified the +4 hand crossbow "Voamnod" {speed, rN+++}
 40910 | WizLab   | Identified the +5 hand crossbow of Excruciating Pain
                  | {speed, rF- Str+5 Int+3}
 41103 | WizLab   | Noticed caveywoolpert's illusion
 41143 | WizLab   | Got the Compendium of the Faeries
 41155 | WizLab   | Identified the +5 scale mail "Rup Cawn" {Regen+}
 41169 | WizLab   | Got Sif Muna's Secrets of the Maleficium
 41780 | Vaults:2 | Reached XP level 20. HP: 181/191 MP: 28/31
 41838 | Vaults:2 | Reached skill level 10 in Shields
 41897 | Vaults:2 | Identified the +4 rapier "Pagg" {speed, +Blink Fly Will++
                  | Str+2}
 42608 | Vaults:3 | Found a flickering gateway to a bazaar.
 42614 | Bazaar   | Entered a bazaar
 42614 | Bazaar   | Found Cets's Antique Armour Emporium.
 42614 | Bazaar   | Found Bockip's Book Shoppe.
 42614 | Bazaar   | Found Zyngiz's Magic Scroll Emporium.
 42616 | Bazaar   | Found Doisyumn's Distillery.
 42618 | Bazaar   | Bought a glimmering cloak for 237 gold pieces
 42618 | Bazaar   | Identified the +1 cloak of Awe {Dex+2} (You bought it in a
                  | shop in a bazaar)
 42633 | Bazaar   | Bought a potion of curing for 39 gold pieces
 42633 | Bazaar   | Bought a potion of mutation for 104 gold pieces
 42633 | Bazaar   | Bought a potion of curing for 39 gold pieces
 42633 | Bazaar   | Bought a potion of heal wounds for 65 gold pieces
 42633 | Bazaar   | Bought a potion of heal wounds for 65 gold pieces
 42645 | Bazaar   | Bought a scroll of revelation for 75 gold pieces
 42645 | Bazaar   | Bought a scroll of enchant armour for 75 gold pieces
 42645 | Bazaar   | Bought a scroll of teleportation for 30 gold pieces
 42655 | Vaults:3 | Reached skill level 21 in Fighting
 43083 | Vaults:3 | Found a staircase to the Crypt.
 43482 | Vaults:3 | Found a runed translucent door.
 43482 | Vaults:3 | Noticed Nizokhlo's ghost (veteran DrCj)
 43502 | Vaults:3 | Killed Nizokhlo's ghost
 43505 | Vaults:3 | Identified the +6 scimitar "Kebacko" {vamp, Str+2 Int+5}
 45268 | Depths:1 | Bought the +6 scale mail of the Kraken {Rampage rElec
                  | Will++ Dex-2} for 924 gold pieces
 45745 | Elf:3    | Noticed Bai Suzhen
 45775 | Elf:3    | Killed Bai Suzhen
 45803 | Elf:3    | Reached skill level 15 in Armour
 46007 | Elf:3    | Got the Disquisition on the Caves
 46051 | Elf:3    | Found Geses's Armour Shoppe.
 46125 | Elf:3    | Reached XP level 21. HP: 205/205 MP: 32/32
 46353 | Elf:3    | Noticed Donald
 46405 | Elf:3    | Killed Donald
 46410 | Elf:3    | Reached skill level 15 in Throwing
 46820 | Elf:3    | Identified the amulet "Ysmyghab" {Faith rC+ Regen+}
 46853 | Elf:3    | Found the +8 longbow "Zephyr" {speed, Dex+3 SInv}
 46870 | Elf:3    | Identified the +4 dagger of Conformity {venom, Fly Str+7
                  | Dex-3}
 46871 | Elf:3    | Identified the +0 scale mail "Penoop Guxku" {+Inv Int+4}
 46879 | Elf:3    | Identified the staff of Anguish {*Corrode rElec rPois Dex+2
                  | Poison}
 46906 | Elf:3    | Got Awkosuyck's Opusculum on Flaming Elsewhere
 47012 | Elf:3    | Identified the +10 long sword "Quadduc" {flame, *Corrode
                  | Int+2 Dex+2}
 47499 | Elf:3    | Found a portal to a secret trove of treasure.
 48019 | Depths:3 | Killed a juggernaut
 48055 | Depths:3 | Identified the amulet of Dyninas {+Blink rPois Regen+ Str+2
                  | Stlth-}
 48173 | Depths:3 | Noticed a golden dragon
 48294 | Depths:3 | Noticed a caustic shrike
 48308 | Depths:3 | Killed a caustic shrike
 48441 | Depths:3 | Killed a golden dragon
 48442 | Depths:3 | Reached skill level 22 in Fighting
 48553 | Depths:4 | Found a runed translucent gate.
 48553 | Depths:4 | Found a runed translucent gate.
 48553 | Depths:4 | Found a runed translucent gate.
 48726 | Depths:4 | Identified the +5 chain mail "Ytosum" {Int+3 Dex+3}
 49439 | Depths:4 | Noticed a golden dragon
 49442 | Depths:4 | Noticed Frederick
 49494 | Depths:4 | Killed a golden dragon
 49579 | Depths:4 | Killed Frederick
 49656 | Depths:4 | Found a gate to the Realm of Zot.
 50220 | Spider:1 | Entered Level 1 of the Spider Nest
 50412 | Spider:1 | Reached XP level 22. HP: 216/216 MP: 33/33
 51280 | Spider:2 | Noticed Arachne
 51307 | Spider:2 | Killed Arachne
 53224 | Spider:4 | Entered Level 4 of the Spider Nest
 53494 | Spider:4 | Identified the +0 pair of gloves of the Twenty Defenders
                  | {rC+ Str+3}
 53494 | Spider:4 | Noticed Nikola
 53508 | Spider:4 | Killed Nikola
 53666 | Spider:4 | Identified the +11 short sword "Toawud" {venom, Will+}
 53829 | Spider:4 | Identified the +6 dagger of Dyusit {flame, Will+ Dex-3
                  | SInv}
 53992 | Spider:4 | Reached skill level 23 in Fighting
 54256 | Spider:4 | Got a gossamer rune of Zot
 54314 | Spider:4 | Identified the orb of the Lobster {*Rage, rCorr}
 55545 | Vaults:5 | Entered Level 5 of the Vaults
 55547 | Vaults:5 | Noticed an ancient lich
 55558 | Vaults:5 | Killed an ancient lich
 55627 | Vaults:5 | Identified the ring "Plog" {rC+ Will+ MP+9}
 55725 | Vaults:5 | Reached skill level 15 in Shields
 55754 | Vaults:5 | Reached XP level 23. HP: 173/227 MP: 35/35
 55832 | Vaults:5 | Found the sphere of Battle
 55907 | Vaults:5 | Identified the +6 plate armour of Elypil {Regen+ Str-5
                  | Dex+3 Slay+6}
 56212 | Vaults:5 | Paralysed by a floating eye for 2 turns
 56570 | Vaults:5 | Identified the +0 robe of the Catamount {rPois Archmagi}
 56784 | Vaults:5 | Identified the +6 quarterstaff "Neuset" {heavy, rF+ rC+
                  | Dex+3}
 56790 | Vaults:5 | Identified the +8 dagger "Sahotiw" {drain, Fly}
 56868 | Vaults:5 | Identified the amulet of Reimbursement {Reflect Rampage
                  | Will++ Str-5 Dex+3 SH+5}
 57005 | Vaults:5 | Got a silver rune of Zot
 57178 | Vaults:5 | Identified the +0 trident "Buvveos" {freeze, rElec Stlth+}
 57940 | Elf:3    | You paid a toll of +2 shadow dragon scales to enter a
                  | treasure trove
 57941 | Trove    | Entered a treasure trove
 57943 | Trove    | Found the ring of the Octopus King
 57947 | Trove    | Identified the ring "Ufuoh" {rElec rPois Str-5 Dex+6 SInv}
 57949 | Trove    | Identified the amulet "Ustolooc" {Acrobat rPois}
 57951 | Trove    | Identified the ring of Zin, Shimmering {rElec rC+ Will+
                  | Dex+6}
 57953 | Trove    | Identified the amulet of Dyup {Spirit Contam rC+ Slay+2}
 57955 | Trove    | Identified a ring of the Octopus King {HP+2 AC+2 EV+2 SH+2
                  | SInv}
 57961 | Trove    | Identified the ring "Ussiose" {Contam rF- rN+ EV+5 Str+8}
 57965 | Trove    | Identified the ring of Zujoshre {rPois rF+ rC+ Will+ Str-4}
 57968 | Trove    | Identified the amulet "Alewneeh" {Reflect -Tele Str+3 SH+5
                  | SInv Stlth+}
 58609 | Zot:1    | Entered Level 1 of the Realm of Zot
 58686 | Zot:1    | Reached skill level 24 in Fighting
 59203 | Zot:1    | Noticed a Killer Klown
 59207 | Zot:1    | Noticed a Killer Klown
 59232 | Zot:1    | Killed a Killer Klown
 59569 | Zot:1    | Killed a Killer Klown
 59570 | Zot:1    | Reached XP level 24. HP: 69/238 MP: 21/35
 61047 | Zot:3    | Found the +4 dragonskin cloak
 61047 | Zot:3    | Noticed Tiamat
 61258 | Zot:2    | Killed Tiamat
 62546 | Crypt:1  | Entered Level 1 of the Crypt
 62998 | Crypt:1  | Found an ancient bone altar of Kikubaaqudgha.
 63013 | Crypt:1  | Identified a scroll of acquirement
 63952 | Crypt:3  | Entered Level 3 of the Crypt
 64010 | Crypt:3  | Found a staircase to the Tomb.
 64044 | Crypt:3  | Found an ancient bone altar of Kikubaaqudgha.
 64124 | Crypt:3  | Reached XP level 25. HP: 237/248 MP: 31/36
 64200 | Crypt:3  | Reached skill level 25 in Fighting
 64368 | Crypt:3  | Found the +5 scythe "Finisher" {speed, execute}
 64525 | Crypt:3  | Identified the ring of Itaf {+Blink MP+9 Slay+3}
 64535 | Crypt:3  | Identified the amulet of Poilelav {rElec rF+++ Regen+ Str+2
                  | Stlth+}
 64535 | Crypt:3  | Identified the ring "Suelaebu" {rC+ rN+ rCorr Str+3}
 64565 | Crypt:3  | Identified the +0 robe of Buakapha {Harm Drain rN++ rCorr}
 64566 | Crypt:3  | Identified the +5 morningstar "Sytaesuy" {protect, *Rage
                  | +Blink rElec}
 64567 | Crypt:3  | Identified the amulet "Horph" {RegenMP Fly rC- MP+9}
 64572 | Crypt:3  | Identified the staff "Wyaz" {Fragile rF+ Str+2 Int+2 Fire}
 65135 | Crypt:3  | Identified the ring "Plog" {Fire rN+ Will+ Stlth-}
 65315 | Tomb:1   | Entered Level 1 of the Tomb of the Ancients
 65689 | Tomb:1   | Noticed a royal mummy
 65691 | Tomb:1   | Noticed a royal mummy
 65702 | Tomb:1   | Killed a royal mummy
 65709 | Tomb:1   | Killed a royal mummy
 65903 | Tomb:1   | Noticed a royal mummy
 65906 | Tomb:1   | Killed a royal mummy
 66545 | Hell     | Entered the Vestibule of Hell
 66566 | Hell     | Noticed Geryon
 66601 | Hell     | Killed Geryon
 66733 | Hell     | Found a gateway to the freezing wastes of Cocytus.
 66914 | Hell     | Found a gateway to the Iron City of Dis.
 66958 | Hell     | Found a gateway to the ashen valley of Gehenna.
 67062 | Hell     | Found a gateway to the decaying netherworld of Tartarus.
 67739 | Zot:4    | Noticed an orb of fire
 67836 | Zot:4    | Noticed Vv
 67869 | Zot:4    | Killed Vv
 67990 | Zot:4    | Identified the ring "Famneo" {Ice *Slow Will++ Int+3 SInv}
 67990 | Zot:4    | Noticed Josephina
 68005 | Zot:4    | Killed Josephina
 68006 | Zot:4    | Reached XP level 26. HP: 227/260 MP: 29/36
 68500 | Zot:5    | Entered Level 5 of the Realm of Zot
 68895 | Depths:3 | Voluntarily entered the Abyss.
 68900 | Abyss:1  | Found a corrupted altar of Lugonu.
 68925 | Abyss:1  | Found a corrupted altar of Lugonu.
 69006 | Abyss:1  | Found a corrupted altar of Lugonu.
 69246 | Abyss:1  | Found a blossoming altar of Fedhas.
 69254 | Abyss:1  | Found a corrupted altar of Lugonu.
 69272 | Abyss:1  | Found a corrupted altar of Lugonu.
 69272 | Abyss:1  | Found a corrupted altar of Lugonu.
 69358 | Abyss:1  | Found a corrupted altar of Lugonu.
 69684 | Abyss:1  | Noticed a dread lich
 69692 | Abyss:1  | Killed a dread lich
 69806 | Abyss:1  | Reached skill level 26 in Fighting
 70195 | Abyss:3  | Found a corrupted altar of Lugonu.
 70259 | Abyss:3  | Found a corrupted altar of Lugonu.
 70265 | Abyss:3  | Got an abyssal rune of Zot
 70289 | Depths:3 | Escaped the Abyss
 70411 | Depths:3 | Upgraded the game from 0.31-a0-237-g2d982f9f85 to
                  | 0.31-a0-246-g8cbcc1cb85
 70613 | Depths:2 | Found a one-way gate leading to the halls of Pandemonium.
 70634 | Pan      | Entered Pandemonium
 70924 | Pan      | Noticed Boblim the pandemonium lord
 70937 | Pan      | Killed Boblim the pandemonium lord
 71298 | Pan      | Got a demonic rune of Zot
 71577 | Pan      | Noticed Ignacio
 71583 | Pan      | Killed Ignacio
 71655 | Pan      | Noticed Suuter the pandemonium lord
 71661 | Pan      | Killed Suuter the pandemonium lord
 71661 | Pan      | Gained mutation: You occasionally lose the ability to drink
                  | potions when taking damage. [a neqoxec]
 71669 | Pan      | Gained mutation: You are dopey. (Int -2) [a neqoxec]
 71767 | Pan      | Identified the +1 leather armour of the Manifold Nights
                  | {rC+ Str+4 Dex-2 SInv}
 71876 | Pan      | Found an exit through the horrors of the Abyss.
 72064 | Pan      | Noticed Lithraw the pandemonium lord
 72069 | Pan      | Lost intelligence.
 72078 | Pan      | Killed Lithraw the pandemonium lord
 72079 | Pan      | Gained mutation: Your body sometimes deteriorates upon
                  | taking damage. [a cacodemon]
 72081 | Pan      | Gained mutation: Potions are less effective at restoring
                  | your health. [a cacodemon]
 72085 | Pan      | Gained mutation: Your spells are a little easier to cast,
                  | but a little less powerful. [a cacodemon]
 72095 | Pan      | Reached XP level 27. HP: 271/271 MP: 36/36
 72270 | Pan      | Lost intelligence.
 72353 | Pan      | Reached skill level 27 in Fighting
 72357 | Pan      | Gained mutation: You are weak. (Str -2) [a neqoxec]
 72361 | Pan      | Gained mutation: You occasionally lose the ability to read
                  | scrolls when taking damage. [a neqoxec]
 72503 | Pan      | Lost mutation: Your body sometimes deteriorates upon taking
                  | damage. [potion of mutation]
 72503 | Pan      | Lost mutation: You occasionally lose the ability to drink
                  | potions when taking damage. [potion of mutation]
 72503 | Pan      | Gained mutation: Your magical capacity is low. (-10% MP)
                  | [potion of mutation]
 72995 | Pan      | Gained mutation: Armour fits poorly on your strangely
                  | shaped body. [a cacodemon]
 73086 | Pan      | Found a transporter.
 73561 | Pan      | Found a transporter.
 73809 | Pan      | Identified the ring of Eternal Harmony {rCorr Stlth+}
 73828 | Pan      | Identified the +0 cloak of Context {rC+ rCorr Int+3}
 73967 | Pan      | Identified the staff of the Wizarding Priest {rPois rF-
                  | rCorr Str-2 Conj}
 74117 | Pan      | Noticed Cuotsux the pandemonium lord
 74159 | Pan      | Killed Cuotsux the pandemonium lord
 74492 | Pan      | Identified the +9 tower shield of the Unbroken {rF+ Int-2
                  | SInv}
 74513 | Pan      | Acquired 1344 gold pieces
 75805 | Pan      | Found a runed translucent door.
 75811 | Pan      | Found a runed translucent door.
 75815 | Pan      | Found a runed translucent door.
 75826 | Pan      | Found a runed translucent door.
 75901 | Pan      | Gained mutation: You are clumsy. (Dex -2) [a cacodemon]
 76038 | Pan      | Noticed Akyhyq the pandemonium lord
 76043 | Pan      | Killed Akyhyq the pandemonium lord
 76247 | Pan      | Lost mutation: You are clumsy. (Dex -2) [a cacodemon]
 76428 | Pan      | Identified the +6 dagger "Seadar" {drain, rN+ Str+2}
 76793 | Pan      | Noticed Dabautho the pandemonium lord
 76856 | Pan      | Killed Dabautho the pandemonium lord
 76881 | Pan      | Identified the +4 orcbow "Kalacag" {drain, rElec rC+}
 77230 | Pan      | Found an exit through the horrors of the Abyss.
 77544 | Pan      | Entered the realm of Mnoleg.
 77568 | Pan      | Gained mutation: You occasionally lose the ability to drink
                  | potions when taking damage. [a shining eye]
 77710 | Pan      | Gained mutation: You sometimes lose your temper in combat.
                  | [a cacodemon]
 77721 | Pan      | Gained mutation: You are vulnerable to heat. (rF-) [a
                  | neqoxec]
 77723 | Pan      | Gained mutation: You are frail. (-10% HP) [a neqoxec]
 77743 | Pan      | Gained mutation: You do not regenerate when monsters are
                  | visible. [a cacodemon]
 77755 | Pan      | Gained mutation: You are very dopey. (Int -4) [a neqoxec]
 77764 | Pan      | Gained mutation: You sometimes lose the ability to read
                  | scrolls when taking damage. [a neqoxec]
 77839 | Pan      | Noticed Mnoleg
 77852 | Pan      | Killed Mnoleg
 77945 | Pan      | Got a glowing rune of Zot
 78127 | Pan      | Gained mutation: You are occasionally teleported next to
                  | monsters. [a cacodemon]
 78257 | Pan      | Lost mutation: You sometimes lose your temper in combat.
                  | [potion of mutation]
 78257 | Pan      | Lost mutation: You are frail. (-10% HP) [potion of
                  | mutation]
 78257 | Pan      | Lost mutation: Your spells are a little easier to cast, but
                  | a little less powerful. [potion of mutation]
 78258 | Pan      | Lost mutation: You sometimes lose the ability to read
                  | scrolls when taking damage. [potion of mutation]
 78258 | Pan      | Lost mutation: You occasionally lose the ability to drink
                  | potions when taking damage. [potion of mutation]
 78258 | Pan      | Lost mutation: You are weak. (Str -2) [potion of mutation]
 78258 | Pan      | Gained mutation: You are partially covered in iridescent
                  | scales. (AC +2) [potion of mutation]
 78259 | Pan      | Lost mutation: Potions are less effective at restoring your
                  | health. [potion of mutation]
 78259 | Pan      | Lost mutation: You are partially covered in iridescent
                  | scales. (AC +2) [potion of mutation]
 78259 | Pan      | Lost mutation: You are vulnerable to heat. (rF-) [potion of
                  | mutation]
 78259 | Pan      | Gained mutation: You sometimes lose your temper in combat.
                  | [potion of mutation]
 78405 | Pan      | Lost mutation: You sometimes lose your temper in combat.
                  | [potion of mutation]
 78405 | Pan      | Lost mutation: Armour fits poorly on your strangely shaped
                  | body. [potion of mutation]
 78405 | Pan      | Lost mutation: You are occasionally teleported next to
                  | monsters. [potion of mutation]
 78405 | Pan      | Gained mutation: You are clumsy. (Dex -2) [potion of
                  | mutation]
 78405 | Pan      | Gained mutation: You have supernaturally acute eyesight.
                  | (SInv) [potion of mutation]
 78487 | Pan      | Gained mutation: Your spells are a little easier to cast,
                  | but a little less powerful. [a cacodemon]
 79096 | Pan      | Identified the +0 scale mail of Valiance {rF+ MP+9 Dex+2}
 79131 | Pan      | Noticed Peirruceka the pandemonium lord
 79142 | Pan      | Killed Peirruceka the pandemonium lord
 79367 | Pan      | Identified the +8 ring mail "Zabukk" {rN++ Str+2}
 79413 | Pan      | Paralysed by a Zot trap for 2 turns
 79449 | Pan      | Gained mutation: You have hidden genetic defects.
                  | [mutagenic glow]
 79535 | Pan      | Noticed Ytis the pandemonium lord
 79551 | Pan      | Killed Ytis the pandemonium lord
 79644 | Pan      | Found an exit through the horrors of the Abyss.
 79844 | Pan      | Identified the +1 scale mail of Trumpets {rF+}
 79965 | Pan      | Entered the realm of Cerebov.
 80069 | Pan      | Identified the +1 robe "Jeamunen" {Harm Int+3 Stlth-}
 80345 | Pan      | Gained mutation: Potions are less effective at restoring
                  | your health. [hidden defects]
 80539 | Pan      | Got Rebubb's Enchiridion on the Cloudy Bonfire
 80627 | Pan      | Found the +6 sword of Cerebov {flame}
 80627 | Pan      | Noticed Cerebov
 80661 | Pan      | Killed Cerebov
 80809 | Pan      | Got a fiery rune of Zot
 80832 | Pan      | Identified the +1 rapier of Yklynkea {flame, rN+ Str+3
                  | Dex-5}
 80833 | Pan      | Identified the +7 falchion of Paper {freeze, Fragile +Blink
                  | rN++ SInv}
 80920 | Pan      | Identified the +0 sling of Poafas {freeze, rCorr MP+9 SInv
                  | Stlth+}
 80922 | Pan      | Identified the ring of Godgharhu {rCorr Str+3}
 81061 | Pan      | Identified the +10 shortbow "Acaofuoxt" {elec, rC+}
 81261 | Pan      | Entered the realm of Lom Lobon.
 81403 | Pan      | Gained mutation: You occasionally lose the ability to drink
                  | potions when taking damage. [hidden defects]
 81403 | Pan      | Lost mutation: You have hidden genetic defects. [hidden
                  | defects expressed]
 81612 | Pan      | Found an exit through the horrors of the Abyss.
 81902 | Pan      | Noticed Lom Lobon
 81917 | Pan      | Killed Lom Lobon
 82046 | Pan      | Got a magical rune of Zot
 82114 | Pan      | Entered the realm of Gloorx Vloq.
 82210 | Pan      | Found an exit through the horrors of the Abyss.
 82632 | Pan      | Noticed Gloorx Vloq
 82642 | Pan      | The Shining One protects you from harm!
 82642 | Pan      | HP: 12/273 [Executioner[Gloorx Vloq] (6)]
 82645 | Pan      | HP: 5/273 [Gloorx Vloq/foul vapour (13)]
 82646 | Pan      | Engulfed by Gloorx Vloq's foul pestilence

Illustrated notes

Levels and vault maps discovered:
D:1:      mrwooster_arrival_statue_3, layout_loops_ring, serial_shops,
          nicolae_diamond_shop
D:2:      kb_forest_paths, layout_basic, nicolae_ecumenical_oubliette,
          serial_shops, nicolae_shop_bloodbath_and_beyond, nicolae_shop_stone,
          nicolae_shop_dealshenge, shop, minmay_misc_feat_four_crosses,
          serial_bayou_pond_d
D:3:      layout_rooms, serial_shops, nicolae_shop_tiny_statue_garden,
          serial_bayou_pond_c, corexii_hall_statues_l, uniq_robin
D:4:      layout_basic, serial_shops, nicolae_shop_just_a_little_nook,
          cheibrodos_sewer_entry_sluice, minmay_manual_monstrance
D:5:      layout_loops_cross, minmay_temple_entry_junction,
          gammafunk_ghost_arena, nicolae_stop_n_shop_1, serial_park_tiny_pond,
          uniq_ijyb, uniq_sigmund, uniq_duvessa
D:6:      layout_loops_cross, amcnicky_mini_corridor_feature, uniq_eustachio,
          uniq_prince_ribbit1, uniq_pikel
D:7:      layout_loops_ring, mainiacjoe_overflow_alcove_1, enter_bailey_1,
          serial_shops, shop, kennysheep_decorative_pillar
D:8:      layout_cave_pools, nicolae_sif_muna_little_library,
          mainiacjoe_overflow_divided_tiny, kennysheep_generic_room_15
D:9:      layout_cross, marbit_many_paths, lair_entry_dummy, david_orc_3,
          uniq_erica
D:10:     layout_stronghold, ebering_ghost_inner_flame, minivault_23,
          corexii_corridor_pit
D:11:     layout_basic
D:12:     layout_roguey, hellmonk_ghost_happy_afterlife,
          chequers_serial_rivers_small_3, uniq_maurice
D:13:     layout_long_grid, hangedman_vaults_entry_quadrant_bands, special_room
          [special_room_orc]
D:14:     layout_cave_pools, chequers_arboretum, uniq_jorgrun
D:15:     grunt_enter_depths_hoard, layout_cave_pods, serial_glass,
          glass_columns_a, glass_columns_b, due_unseen_surprise,
          minmay_strange_pillars, corexii_corridor_pit
Temple:   minmay_temple_bridge_d
Lair:1:   layout_layer_cave, serial_bayou_pond_b, serial_bayou_shore_b,
          lemuel_fruit_tree, serial_bayou_shore_b, infiniplex_staircase_pool
Lair:2:   layout_cellular_growth, minmay_shoals_entry_hut,
          spider_nest_entry_rubble, gauntlet_entry_generic, grunt_megastairs_2,
          infiniplex_staircase_pool_2, serial_bayou_shore_b, lemuel_fruit_fields
Lair:3:   layout_concentric_octagons, portal_ice_cave_entry_pillars_2,
          serial_bayou_pond_a, st_stairs_11
Lair:4:   layout_long_grid, fungi_pond_lemuel, uniq_rupert, uniq_urug
Lair:5:   hangedman_lair_in_review, layout_layer_cave, wormcave,
          minmay_slime_entry_eyes, gammafunk_ghost_hydra_chop,
          serial_bayou_pond_e
Shoals:1: layout_shoals, nicolae_shoals_hidden_pirate_stash, uniq_mlioglotl
Shoals:2: layout_shoals, uniq_polyphemus
Shoals:3: layout_shoals, abandoned_shop, uniq_roxanne
Shoals:4: shoals_end_grunt_garden, layout_shoals
Spider:1: layout_spider_delve
Spider:2: layout_spider_delve, uniq_arachne
Spider:3: layout_spider_delve, einodemon_crawler_minivault
Spider:4: johnstein_spider_rune_arachne_lair, drop_trap, hive_lemuel,
          uniq_nikola
Orc:1:    layout_caves, uniq_harold
Orc:2:    grunt_orc_gardens, layout_caves, grunt_orc_garden, grunt_orc_garden,
          grunt_orc_garden, grunt_orc_garden, basic_altar,
          nicolae_specific_store, guppyfry_orc_lava_fort
Elf:1:    minmay_elf_arrival_summoners, layout_gridlike, serial_shops,
          bzr_in_the_mist, hangedman_elf_disciples
Elf:2:    nicolae_elf_blades_crystal_corner, layout_geoelf_grid, serial_glass,
          glass_columns_a, glass_columns_a, item_on_display_a,
          due_unseen_surprise, nicolae_elf_glass_and_crystal_pillar_1,
          uniq_agnes
Elf:3:    minmay_elf_hall_statues, layout_loops_corners, trove_entry_hex_spiral,
          serial_shops, nicolae_square_shop, uniq_asterion, uniq_bai_suzhen,
          uniq_donald
Vaults:1: nicolae_vaults_back_hallway, ontoclasm_vaults_shuriken, v_misc_25,
          nicolae_vaults_trapezoid_layered, st_cross, v_rooms_6,
          ontoclasm_vaults_ring_large, v_pattern_1, v_misc_25,
          nicolae_vaults_tetromino_Z_1, layout_vaults_omnicross, serial_shops,
          nicolae_shop_tiny_real_fake_doors
Vaults:2: infiniplex_enter_wizlab_water, hangedman_vaults_trim,
          vaults_room_door_hall, nicolae_vaults_shipping_containers_1,
          ontoclasm_vaults_spin, v_alt_pattern_6,
          nicolae_vaults_sesquioval_fish, nicolae_vaults_house_1,
          nicolae_vaults_gold_heap, layout_vaults_omnigrid, serial_shops, shop
Vaults:3: gammafunk_ghost_grave, vaults_room_door_hall, v_rooms_5,
          nicolae_vaults_weapon_check, v_rooms_6, v_misc_8, special_room_vaults
          [special_room_orc], nicolae_vaults_sesquioval_fish,
          ontoclasm_vaults_decontamination, nicolae_vaults_house_1,
          nicolae_vaults_rhombus_5, nicolae_vaults_tetromino_T_2,
          layout_vaults_chaotic_city, minmay_crypt_entry_simple_statues,
          serial_shops, bzr_entry_safe
Vaults:4: hangedman_vaults_maws, v_misc_10, ontoclasm_vaults_idyll,
          nicolae_vaults_house_2, dpeg_vaults_monster_row,
          ontoclasm_vaults_ligature, ontoclasm_vaults_bender,
          vaults_mumra_bighexcomb, nicolae_vaults_tetromino_L_1,
          hangedman_vaults_variations, layout_vaults_ring
Vaults:5: serial_shops
Crypt:1:  layout_gridlike, basic_altar
Crypt:2:  layout_gridlike
Crypt:3:  due_elkab, layout_chaotic_city, basic_altar
Tomb:1
Depths:1: layout_gridlike, enter_ziggurat_b, pf_vacation_house_of_asmodeus,
          hellmonk_scale_shop, uniq_mara
Depths:2: cell_vault, layout_basic, minmay_misc_feat_cross,
          rand_demon_pan_entry_9, hell_entry
Depths:3: cheibrodos_salmonella, layout_honeycomb,
          nicolae_abyss_entry_one_way_or_another, hellmouth_1,
          minmay_misc_feat_doors
Depths:4: evilmike_zot_entry_gauntlet, layout_cave_pools, hell_entry,
          ploomutoo_gammafunk_ghost_potion_laboratory, serial_rivers,
          chequers_serial_rivers_room_a, chequers_serial_rivers_micro_e,
          chequers_serial_rivers_micro_c, chequers_serial_rivers_marsh,
          chequers_serial_rivers_micro_c, chequers_serial_rivers_large_a,
          uniq_frederick
Hell
Zot:1:    grunt_zot_stairs_faceoff, layout_basic, grunt_megastairs_1
Zot:2:    layout_cathedral_of_symmetry
Zot:3:    layout_concentric_octagons, hangedman_spider_trapstep, uniq_tiamat
Zot:4:    layout_gridlike, nrook_zot_tub, uniq_vv, uniq_josephina
Zot:5:    layout_gridlike
Pan:      nicolae_pan_diamonds, layout_cellular_growth,
          evilmike_mini_pan_pillars_b, layout_rooms, uniq_ignacio,
          evilmike_mini_pan_diamond, layout_long_grid, gammafunk_the_bubble
          [the_bubble_gammafunk_plus_minus], layout_small_grid,
          evilmike_mini_pan_diamond, layout_stronghold, nicolae_pan_sigil_eeng,
          rand_demon_7, layout_gridlike, evilmike_mini_pan_pillars_b,
          layout_basic, nicolae_pan_strange_glyphs
          [nicolae_pan_strange_glyph_schadenfreude,
          nicolae_pan_strange_glyph_acedia,
          nicolae_pan_strange_glyph_melancholia,
          nicolae_pan_strange_glyph_disgust], rand_demon_5, layout_rooms,
          mnoleg_st, layout_chambers, nicolae_pan_gloorx_vloqian_3,
          grunt_pan_frozen_over, layout_small_grid, evilmike_mini_pan_corner,
          layout_basic, pan_blood_fountain_small, nicolae_pan_mnolegish_1,
          cerebov_st, layout_rooms, nicolae_pan_cerebovesque_2, lom_lobon_st,
          layout_pan_divisions_b [pan_division_quadrant_b1,
          pan_division_quadrant_b1, pan_division_quadrant_b4,
          pan_division_quadrant_b1], gloorx_vloq_grunt_torture_chamber,
          layout_pan_divisions_a [pan_division_quadrant_a6,
          pan_division_quadrant_a2, pan_division_quadrant_a4,
          pan_division_quadrant_a2, pan_division_octagon_divided]

Skill      XL: |  1  2  3  4  5  6  7  8  9 10 11 12 13 14 15 16 17 18 19 20 21 22 23 24 25 26 27 |
---------------+----------------------------------------------------------------------------------+-----
Long Blades    | 4 5 6 7 8 10 12 13 14 16 18 19 20 21 22 24 25 | 25.9
Fighting       | 4 5 6 7 9 10 12 13 15 17 18 19 20 21 22 23 24 25 26 27 | 27.0
Dodging        | 4 5 6 7 8 9 10 12 14 15 16 17 18 19 20 21 22 23 24 25 | 25.6
Throwing       | 3 5 8 10 11 13 14 15 16 18 | 18.2
Armour         | 2 4 6 8 10 11 12 14 15 16 17 18 20 22 | 22.3
Invocations    | 1 3 5 6 8 11 12 13 14 15 16 17 18 19 20 21 25 | 25.2
Shields        | 5 7 9 11 13 15 16 17 18 20 22 | 22.2

Action                     |  1- 3 |  4- 6 |  7- 9 | 10-12 | 13-15 | 16-18 | 19-21 | 22-24 | 25-27 || total
---------------------------+-------+-------+-------+-------+-------+-------+-------+-------+-------++-------
  Melee: Falchion          |    66 |   213 |   271 |   131 |       |       |       |       |       ||   681
         Headbutt          |    18 |    41 |    69 |   215 |   442 |   554 |   771 |   781 |   891 ||  3782
         Unarmed           |       |       |     8 |       |       |       |       |       |       ||     8
         Scimitar          |       |       |       |   547 |  1347 |  1362 |       |       |       ||  3256
         Great sword       |       |       |       |    12 |       |       |       |       |       ||    12
         Punch             |       |       |       |     5 |    26 |    10 |       |       |       ||    41
         Long sword        |       |       |       |       |       |   139 |   566 |       |       ||   705
         Double sword      |       |       |       |       |       |       |  1325 |  1896 |  2571 ||  5792
  Throw: Throwing net      |       |       |       |     1 |     1 |       |       |       |       ||     2
         Javelin           |       |       |       |       |     5 |     4 |     6 |       |       ||    15
         Boomerang         |       |       |       |       |     1 |       |    23 |       |    22 ||    46
 Invoke: Divine Shield     |       |       |       |     5 |    14 |    17 |    15 |    16 |    20 ||    87
         Cleansing Flame   |       |       |       |       |    24 |    43 |    47 |    86 |   132 ||   332
  Evoke: Wand              |       |       |     2 |     2 |     2 |     1 |       |       |     4 ||    11
    Use: Scroll            |       |       |     7 |    10 |    10 |     6 |     2 |    16 |     1 ||    52
         Potion            |       |       |       |     2 |     2 |     1 |     1 |     3 |    14 ||    23
 Armour: Robe              |    11 |       |       |       |       |       |       |       |       ||    11
         Ring mail         |     9 |    72 |    58 |     6 |       |       |       |       |       ||   145
         Acid dragon scale |       |       |       |   103 |   222 |       |       |       |       ||   325
         Scale mail        |       |       |       |       |    99 |   337 |   390 |   370 |   542 ||  1738
  Dodge: Dodged            |    47 |   143 |   219 |   566 |  1006 |  1082 |  1317 |  1488 |  1537 ||  7405
  Block: Other             |       |       |       |    56 |   376 |    39 |       |       |       ||   471
         Reflection        |       |       |       |       |    14 |       |    13 |    27 |     4 ||    58
         Buckler           |       |       |       |       |       |   375 |   670 |       |       ||  1045
         Kite shield       |       |       |       |       |       |       |   458 |  1592 |  1916 ||  3966

Table legend: (Time is in decaauts)
 A = Elapsed time spent in this place.
 B = Non-inter-level travel time spent in this place.
 C = Inter-level travel time spent in this place.
 D = Time resting spent in this place.
 E = Time spent auto-exploring this place.
 F = Levels seen in this place.
 G = Mean time per level.
                   A        B        C        D        E       F      G
               +--------+--------+--------+--------+--------+-----+--------+
         Total |  80825 |  70811 |  10014 |   3770 |  48966 |  78 | 1036.2 |
       Dungeon |  16698 |  12641 |   4057 |    622 |   9898 |  15 | 1113.2 |
        Temple |    172 |     68 |    104 |      0 |     61 |   1 |  172.0 |
          Lair |   8406 |   7629 |    777 |    315 |   6228 |   5 | 1681.2 |
        Shoals |   4207 |   3819 |    388 |    425 |   2260 |   4 | 1051.8 |
   Spider Nest |   4430 |   4179 |    251 |    215 |   2942 |   4 | 1107.5 |
  Orcish Mines |   1822 |   1402 |    420 |    168 |    963 |   2 |  911.0 |
   Elven Halls |   4471 |   3609 |    862 |    158 |   2221 |   3 | 1490.3 |
        Vaults |   7217 |   6442 |    775 |     46 |   4611 |   5 | 1443.4 |
         Crypt |   2708 |   2579 |    129 |    137 |   1796 |   3 |  902.7 |
          Tomb |    899 |    837 |     62 |      0 |    655 |   1 |  899.0 |
        Depths |   8215 |   6407 |   1808 |    743 |   3474 |   4 | 2053.8 |
          Hell |    591 |    574 |     17 |      0 |    457 |   1 |  591.0 |
           Zot |   4733 |   4374 |    359 |    466 |   2670 |   5 |  946.6 |
         Abyss |   1314 |   1314 |      0 |      0 |    773 |   3 |  438.0 |
   Pandemonium |  11625 |  11625 |      0 |     20 |   8386 |  14 |  830.4 |
        Bazaar |    211 |    211 |      0 |      0 |    166 |   2 |  105.5 |
         Trove |     52 |     52 |      0 |      0 |      0 |   1 |   52.0 |
         Sewer |    508 |    508 |      0 |      0 |    188 |   1 |  508.0 |
        Bailey |    455 |    455 |      0 |      0 |    379 |   1 |  455.0 |
      Ice Cave |    687 |    687 |      0 |     44 |    443 |   1 |  687.0 |
        Wizlab |    471 |    471 |      0 |    102 |     45 |   1 |  471.0 |
      Gauntlet |    924 |    924 |      0 |    307 |    346 |   1 |  924.0 |
               +--------+--------+--------+--------+--------+-----+--------+

Top non-repeatable levels by time:
  Lair:5: 2640 daAuts
Depths:3: 2520 daAuts
    D:15: 2311 daAuts
   Elf:3: 2297 daAuts
Depths:1: 2170 daAuts
  Lair:1: 2160 daAuts
Depths:4: 1835 daAuts
Vaults:5: 1829 daAuts
Depths:2: 1689 daAuts
Vaults:2: 1608 daAuts
    D:10: 1570 daAuts
Spider:4: 1429 daAuts
   Zot:1: 1421 daAuts
Vaults:3: 1395 daAuts
    D:13: 1377 daAuts
